 Dungeon Crawl Stone Soup version 0.21-a0-329-g12f17e1 (webtiles) character file.

14 vishdafish the Charmwright (level 2, 22/22 HPs)
             Began as a Demonspawn Skald on Oct 1, 2017.
             Quit the game on level 1 of the Dungeon.
             The game lasted 00:00:29 (306 turns).

vishdafish the Charmwright (Demonspawn Skald)        Turns: 306, Time: 00:00:30

Health: 22/22      AC:  3    Str: 11    XL:     2   Next: 31%
Magic:  3/5        EV: 12    Int: 14    God:
Gold:   27         SH:  0    Dex: 12    Spells: 4/5 levels left

rFire    . . .     SeeInvis .   a - +0 spear
rCold    . . .     Gourm    .   (no shield)
rNeg     . . .     Faith    .   b - +0 leather armour
rPois    .         Spirit   .   (helmet restricted)
rElec    .         Reflect  .   (no cloak)
rCorr    .         Harm     .   (no gloves)
MR       .....                  (no boots)
Stlth    +.........             (no amulet)
HPRegen  0.07/turn              (no ring)
MPRegen  0.09/turn              (no ring)

@: no status effects
A: antennae 1
a: no special abilities


You were on level 1 of the Dungeon.
You were not hungry.

You visited 1 branch of the dungeon, and saw 1 of its levels.

You collected 27 gold pieces.

Inventory:

Hand Weapons
 a - a +0 spear (weapon)
Armour
 b - a +0 leather armour (worn)
Scrolls
 f - a scroll of teleportation {unknown}
Potions
 e - a potion of heal wounds {unknown}
Books
 c - a book of Battle

   Spells                             Type                      Level
   a - Infusion                       Charms                       1
   b - Shroud of Golubria             Charms/Translocation         2
   c - Song of Slaying                Charms                       2
   d - Spectral Weapon                Hexes/Charms                 3
   e - Regeneration                   Charms/Necromancy            3
Comestibles
 d - a bread ration


   Skills:
 + Level 2.2 Fighting
 + Level 2.0 Polearms
 + Level 0.8 Armour
 + Level 1.8 Dodging
 + Level 2.1 Spellcasting
 + Level 2.9 Charms


You had 4 spell levels left.
You knew the following spells:

 Your Spells              Type           Power        Failure   Level  Hunger
a - Infusion              Chrm           #...         9%          1    #......


Dungeon Overview and Level Annotations

Branches:
Dungeon (1/15)

Altars:


Innate Abilities, Weirdness & Mutations

You have a pair of small antennae on your head.


Message History

You hit the hobgoblin.
You kill the hobgoblin!
You hear a splash.
Your Polearms skill increases to level 2!
No target in view!
No target in view!
No target in view!
No target in view!
No target in view!
No target in view!
No target in view!
No target in view!
No target in view!
No target in view!
You see here a club.
Found a ring mail.
You now have 11 gold pieces (gained 9).
You now have 27 gold pieces (gained 16).
A leopard gecko comes into view.
Are you sure you want to abandon this character and quit the game? (Confirm with "yes".)

#...P #.l
#.##...♣♣≈≈♣≈≈≈ #..
#.##..[.♣♣P≈≈≈≈ ..
#.##....♣≈≈P≈≈P # ..
#.##....♣♣PP≈≈≈ #. #.
#.##....≈♣P≈≈≈≈ ####.#.
#.##.....♣ ≈≈♣≈
.......###.##.....♣♣♣≈†≈
#..@..........#♣)†P≈
#.####.######...#≈≈♣ ..
....#####.###.♣P ...
............#....#
######.###..#######.##.#
.......).............
.##.###..#########..#
#.......)(.(# #..#
###.#..####(#####..#


You could see a leopard gecko (sleeping).

Vanquished Creatures
  A dart slug (D:1)
  A leopard gecko (D:1)
  2 hobgoblins (D:1)
  4 kobolds (D:1)
  2 bats (D:1)
  2 rats (D:1)
12 creatures vanquished.

Notes
Turn   | Place    | Note
-------+----------+-------------------------------------------
     0 | D:1      | vishdafish the Demonspawn Skald began the quest for the Orb.
     0 | D:1      | Reached XP level 1. HP: 16/16 MP: 3/3
   242 | D:1      | Gained mutation: You have a pair of small antennae on your head. [demonic ancestry]
   242 | D:1      | Reached XP level 2. HP: 22/22 MP: 0/5
   306 | D:1      | Quit the game

Vault maps used:
D:1:      tarquinn_simple_flora_water_b, serial_bayou_lake_a

Skill      XL: |  1  2 |
---------------+-------+-----
Polearms       | 2 |  2.0
Fighting       | |  2.2
Armour         | |  0.8
Dodging        | |  1.8
Spellcasting   | |  2.1
Charms         | |  2.9

Action                   || total
-------------------------++-------
Melee: Spear             ||    33
 Cast: Infusion          ||     5
Armor: Leather armour    ||     3
Dodge: Dodged            ||    15

Table legend:
 A = Spawn XP
 B = Non-spawn XP
 C = Spawn XP percentage of total XP
 D = Spawn monster count
 E = Non-spawn monster count
 F = Spawn count percentage of total count
 G = Total turns spent on level
                    A         B        C        D         E        F      G
               +---------+---------+-------+---------+---------+-------+---------
         Total |       0 |      21 |   0.0 |       0 |      12 |   0.0 |   306
               +---------+---------+-------+---------+---------+-------+---------
           D:1 |       0 |      21 |   0.0 |       0 |      12 |   0.0 |   306
               +---------+---------+-------+---------+---------+-------+---------
